 Dungeon Crawl Stone Soup version 0.28-a0-1629-gf728b707aa (webtiles) character file.

Game seed: 8500004306924043354

65 croobank the Sneak (level 3, -4/17 HPs)
             Began as a Felid Delver on Jan 25, 2022.
             Killed from afar by an orc wizard (7 damage)
             ... with a magic dart
             ... on level 2 of the Dungeon.
             The game lasted 00:09:30 (1916 turns).

croobank the Sneak (Felid Delver)                   Turns: 1916, Time: 00:09:30

Health: -4/17      AC:  1    Str:  7 (10) XL:     3   Next: 94%
Magic:  4/4        EV: 18    Int:  9 (11) God:
Gold:   43         SH:  0    Dex: 14 (17) Spells: 2/2 levels left
                                        Lives:  0   Deaths: 0

rFire   + . .      SeeInvis +     - Unarmed
rCold   + . .      Faith    .   (shield unavailable)
rNeg    . . .      Spirit   .   (armour unavailable)
rPois   +          Reflect  .   (helmet unavailable)
rElec   +          Harm     .   (cloak unavailable)
rCorr   +          Rampage  .   (gloves unavailable)
Will    .....                   (boots unavailable)
Stlth   +.........              (no amulet)
HPRegen 0.05/turn               b - ring of poison resistance
MPRegen 0.09/turn               (no ring)

@: confused, resistant, quick
A: very small, claws 1, fangs 3, see invisible, speed 1, shaggy fur 1, stealthy
paws, no weapons or thrown items, no armour, multi-lived
a: no special abilities


You were on level 2 of the Dungeon.
You visited 1 branch of the dungeon, and saw 5 of its levels.

You collected 43 gold pieces.

Inventory:

Missiles
 g - 62 stones
 i - 21 sling bullets
Jewellery
 b - a ring of poison resistance (left paw)
Wands
 e - a wand of digging (3)
Scrolls
 a - a scroll of fog


   Skills:
 + Level 3.5 Fighting
 + Level 3.6 Dodging
 + Level 7.1 Stealth
 + Level 2.7 Unarmed Combat


You had 2 spell levels left.
You didn't know any spells.
Your spell library was empty.

Dungeon Overview and Level Annotations

Branches:
Dungeon (5/15)
 Temple: D:4-7

Altars:


Innate Abilities, Weirdness & Mutations

You have sharp claws.
You have razor-sharp teeth.
You have supernaturally acute eyesight. (SInv)
You cover ground quickly. (Speed+)
You are covered in fur. (AC +1)
Your paws help you pounce on unaware monsters.
You are incapable of wielding weapons or throwing items.
You cannot wear armour.
You gain extra lives every three experience levels.


Message History

The orc shouts!
You open the door.
There is an open door here.
As you close the door, it creaks loudly!
You claw the orc!
You kill the orc!
You closely miss the orc wizard.
The orc wizard gestures at you while chanting.
The puff of flame hits you!
You scratch the orc wizard.
The orc wizard is lightly wounded.
The orc wizard hits you with a +0 dagger.
* * * LOW HITPOINT WARNING * * *
Okay, then.
Okay, then.
Okay, then.
It was a potion of degeneration.
There was something very wrong with that liquid.
You feel weakened.
You feel dopey.
You feel clumsy. The orc wizard barely misses you.
It was a potion of resistance.
You feel protected.
Something unseen opens the door.
The orc wizard casts a spell at you.
You are confused.
It was a potion of magic.
Magic courses through your body. The orc wizard closely misses you.
You don't know any spells.
You bump into the rock wall.
The orc wizard points at you and mumbles some strange words.
You are more confused.
The orc wizard hits you with a +0 dagger.
* * * LOW HITPOINT WARNING * * *
You see here 17 arrows.
Sorry, you're not good enough to have a special ability.
The orc wizard gestures at you while chanting.
You resist with some effort. The orc wizard casts a spell at you.
The magic dart hits you!
You die...

......$..<........o..###
#.....#.....#..o.#......
#.....#######...o#......
#.......................
##..........)###'##......
...............o..#......
#...........#....#......
#........o..#....#......
#......@....#....#......
#...........#....#......
#...#####...######......
#.. ##### #...... #
#...... #######


You could see an orc wizard (invisible) and an orc (wandering).

Vanquished Creatures
  4 adders
  A worm (D:3)
  A dart slug (D:1)
  An orc (D:2)
  2 endoplasms
  2 giant cockroaches (D:1)
  3 hobgoblins
  A quokka (D:1)
  A ball python (D:1)
  2 bats (D:1)
  4 goblins
  3 kobolds
25 creatures vanquished.

Notes
Turn   | Place    | Note
-------+----------+-------------------------------------------
     0 | D:5      | croobank the Felid Delver began the quest for the Orb.
     0 | D:5      | Reached XP level 1. HP: 10/10 MP: 2/2
    11 | D:5      | Noticed a scorpion
    69 | D:5      | Noticed a kobold brigand
   121 | D:3      | Noticed an ogre
   124 | D:3      | Reached XP level 2. HP: 13/14 MP: 3/3
   465 | D:2      | Reached skill level 7 in Stealth
   465 | D:2      | Reached XP level 3. HP: 17/17 MP: 4/4
   704 | D:2      | Found a faded altar of an unknown god.
  1916 | D:2      | Killed from afar by an orc wizard

Illustrated notes

Levels and vault maps discovered:
D:1:      lightli_molten_gateway, layout_basic
D:2:      layout_basic, nicolae_ecumenical_pavilion
D:3:      layout_basic
D:4:      layout_cave_pools, minmay_misc_feat_room, serial_park_tiny_pond,
          uniq_ijyb, uniq_blork_the_orc, uniq_crazy_yiuf_cottage
D:5:      layout_basic, mainiacjoe_overflow_alcove_2, minitemple,
          chequers_serial_rivers_micro_a, nicolae_shop_sticking_my_neck_out,
          uniq_pikel

Skill      XL: |  1  2 |
---------------+-------+-----
Dodging        | 3 |  3.6
Stealth        | 7 |  7.1
Fighting       | |  3.5
Unarmed Combat | |  2.7

Action                   || total
-------------------------++-------
Melee: Unarmed           ||    68
       Punch             ||     4
       Bite              ||     1
  Use: Scroll            ||     5
       Potion            ||     4
 Stab: Sleeping          ||     9
Dodge: Dodged            ||    44

Table legend: (Time is in decaauts)
 A = Elapsed time spent in this place.
 B = Non-inter-level travel time spent in this place.
 C = Inter-level travel time spent in this place.
 D = Time resting spent in this place.
 E = Time spent auto-exploring this place.
 F = Levels seen in this place.
 G = Mean time per level.
                   A        B        C        D        E       F      G
               +--------+--------+--------+--------+--------+-----+--------+
         Total |   1681 |   1668 |     13 |    604 |    534 |   5 |  336.2 |
       Dungeon |   1681 |   1668 |     13 |    604 |    534 |   5 |  336.2 |
               +--------+--------+--------+--------+--------+-----+--------+

Top non-repeatable levels by time:
     D:2: 855 daAuts
     D:1: 617 daAuts
     D:3: 137 daAuts
     D:5: 57 daAuts
     D:4: 13 daAuts
